 Dungeon Crawl Stone Soup version 0.18-a0-1347-gb9e2fb4 (webtiles) character file.

123 M4edhros the Insei (level 4, 0/35 HPs)
             Began as a Mummy Monk on Feb 17, 2016.
             Slain by a jackal (3 damage)
             ... on level 3 of the Dungeon.
             The game lasted 00:05:03 (3636 turns).

M4edhros the Insei (Mummy Monk)                     Turns: 3636, Time: 00:05:03

Health: 0/35       AC:  1    Str: 14    XL:     4   Next: 79%
Magic:  4/4        EV: 13    Int:  9    God:
Gold:   77         SH:  0    Dex: 19    Spells: 0 memorised, 3 levels left

rFire  x . .     SeeInvis .       - Unarmed
rCold  + . .     Gourm    .     (no armour)
rNeg   + + +     Faith    .     (no shield)
rPois  ∞         Spirit   .     (no helmet)
rElec  .         Dismiss  .     (no cloak)
rCorr  .         Reflect  .     l - +0 pair of gloves
SustAt .         Harm     .     (no boots)
MR     .....                    (no amulet)
Stlth  +++.......               (no ring)
                                i - +4 ring of dexterity

@: not resistant to hostile enchantments, fairly stealthy
A: no food or potions, fire vulnerability, cold resistance 1, negative energy
resistance 3, torment resistance, unbreathing
a: no special abilities


You were on level 3 of the Dungeon.
You were not hungry.

You visited 1 branch of the dungeon, and saw 3 of its levels.

You collected 77 gold pieces.

Inventory:

Armour
 l - a +0 pair of gloves (worn)
Jewellery
 b - an uncursed ring of ice
 i - a +4 ring of dexterity (left hand)
Scrolls
 a - 2 scrolls of identify
 c - a scroll of teleportation {unknown}
 e - 2 scrolls of fear {unknown}
 g - a scroll of fog {unknown}
 h - 2 scrolls of magic mapping
 j - a scroll of noise {unknown}
 k - a scroll of blinking (quivered) {unknown}
Comestibles
 d - a royal jelly
 f - a slice of pizza
 m - a bread ration
 n - 2 fruits


   Skills:
 - Level 3.0 Fighting
 - Level 2.4 Dodging
 + Level 2.8 Stealth
 * Level 4.6 Unarmed Combat


You had 3 spell levels left.
You didn't know any spells.

Dungeon Overview and Level Annotations

Branches:
Dungeon (3/15)

Altars:
Fedhas
Ru

Annotations:
D:2 Natasha


Innate Abilities, Weirdness & Mutations

You do not eat or drink.
Your flesh is vulnerable to fire.
You are immune to poison.
Your flesh is cold resistant.
You are immune to negative energy.
You are immune to unholy pain and torment.
You can survive without breathing.


Message History

* * * LOW HITPOINT WARNING * * *
The jackal bites you.
* * * LOW HITPOINT WARNING * * *
Read which item? (? for menu, Esc to quit)
As you read the scroll labeled XEREUNWUGIUQ, it crumbles to dust.
It is a scroll of identify.
Identify which item? (\ to view known items) (? for menu, Esc to quit)
h - 2 scrolls of magic mapping The jackal closely misses you.
You hit the jackal.
You kill the jackal!
The jackal barely misses you.
You closely miss the jackal. The jackal closely misses you.
You hit the jackal.
You kill the jackal!
The jackal bites you.
* * * LOW HITPOINT WARNING * * *
You barely miss the jackal. The jackal barely misses you.
You closely miss the jackal. The jackal bites you.
You die...

.(###..w.w.....#############.....
#.(.w.####)###### ## #......
..#)#.#..(......# .. #......
#.....#.##.####.#####. #......
#..##.#(##....# .... . ##.....
#..####(#...#.# #.. ..# #.....
............#'## #.##...#.##...†.
####..#.....)..###......#......<.
#.....$>....h@................
#.#.........#####....#.####...
#.#....................##..... #
#.#....#....###..........#'#
#.#.##......# .........#.#
#.#.####....# ........#..
#.#....h..######.......###
#.#.##.........'....!..# #
..........#####.......# #


You could see a jackal.

Vanquished Creatures
  3 adders
  5 worms
  4 giant geckos
  2 orcs (D:3)
  7 bats
  4 giant cockroaches
  9 goblins
  12 hobgoblins
  6 jackals (D:3)
  A quokka (D:3)
  A ball python (D:1)
  A giant newt (D:3)
  9 kobolds
  4 rats
68 creatures vanquished.

Notes
Turn   | Place    | Note
--------------------------------------------------------------
     0 | D:1      | M4edhros the Mummy Monk began the quest for the Orb.
     0 | D:1      | Reached XP level 1. HP: 18/18 MP: 1/1
   793 | D:1      | Reached XP level 2. HP: 24/24 MP: 2/2
  1443 | D:1      | Reached XP level 3. HP: 22/29 MP: 3/3
  1771 | D:2      | Found a blossoming altar of Fedhas.
  1817 | D:2      | Reached skill level 4 in Unarmed Combat
  2013 | D:2      | Noticed Natasha
  2628 | D:3      | Reached XP level 4. HP: 35/35 MP: 4/4
  2758 | D:3      | Found a sacrificial altar of Ru.
  3636 | D:3      | Slain by a jackal

Vault maps used:
D:1:      mainiacjoe_arrival_reflecting_pool
D:2:      marbit_many_paths, uniq_natasha
D:3:      nicolae_ru_path_of_blood, hex_large, serial_bayou_lake_a, uniq_terence

Action                   |  1- 3 |  4- 6 || total
-------------------------+-------+-------++-------
Melee: Unarmed           |   167 |   131 ||   298
  Use: Scroll            |       |     1 ||     1
 Stab: Sleeping          |     6 |     1 ||     7
       Distracted        |     1 |       ||     1
